 Dungeon Crawl Stone Soup version 0.21.1-1-g345015fe64 (webtiles) character file.

946 Loge the Ruffian (level 7, -8/71 HPs)
             Began as a Troll Monk on July 18, 2018.
             Was an Elder of Makhleb.
             Mangled by an orc warrior
             ... wielding a cursed +0 war axe
              (15 damage)
             ... on level 6 of the Dungeon.
             The game lasted 00:09:40 (4056 turns).

Loge the Ruffian (Troll Monk)                       Turns: 4056, Time: 00:09:41

Health: -8/71      AC:  5    Str: 20    XL:     7   Next: 89%
Magic:  8/8        EV: 10    Int:  6    God:    Makhleb [****..]
Gold:   235        SH:  0    Dex: 14    Spells: 6/6 levels left

rFire    . . .     SeeInvis .     - Unarmed
rCold    . . .     Gourm    +   (no shield)
rNeg     . . .     Faith    .   a - +0 robe
rPois    .         Spirit   .   i - +0 hat
rElec    .         Reflect  .   (no cloak)
rCorr    .         Harm     .   (gloves unavailable)
MR       .....                  (boots unavailable)
Stlth    ++........             (no amulet)
HPRegen  0.61/turn              (no ring)
MPRegen  0.11/turn              (no ring)

@: no status effects
A: large, unfitting armour, claws 3, fast metabolism 3, gourmand, regeneration
1, shaggy fur 1, tough skin 2
a: Minor Destruction, Lesser Servant of Makhleb, Major Destruction, Renounce
Religion


You were on level 6 of the Dungeon.
You worshipped Makhleb.
Makhleb was greatly pleased with you.
You were completely stuffed.

You visited 1 branch of the dungeon, and saw 6 of its levels.

You collected 235 gold pieces.

Inventory:

Hand Weapons
 q - a +2 whip of venom
Missiles
 r - 111 stones (quivered)
 y - 16 poisoned needles
Armour
 a - a +0 robe (worn)
 i - a +0 hat (worn)
Jewellery
 c - an uncursed amulet of regeneration {unknown}
 x - an uncursed ring of stealth {unknown}
 z - an uncursed ring of stealth {unknown}
Scrolls
 e - a scroll of enchant weapon {unknown}
 g - 3 scrolls of random uselessness {unknown}
 h - 3 scrolls of identify {unknown}
 j - a scroll of amnesia {unknown}
 k - 5 scrolls of teleportation {unknown}
 l - 3 scrolls of remove curse {unknown}
 p - 2 scrolls of enchant armour {unknown}
 s - a scroll of magic mapping {unknown}
 t - 3 scrolls of blinking {unknown}
 u - a scroll of fear {unknown}
Potions
 d - 2 potions of brilliance {unknown}
 f - 2 potions of cancellation {unknown}
 m - 3 potions of curing {unknown}
 n - a potion of haste {unknown}
 o - a potion of heal wounds {unknown}
 v - a potion of agility {unknown}
 w - a potion of mutation {unknown}
Comestibles
 b - 13 rations
 A - 3 chunks of flesh


   Skills:
 + Level 4.5 Fighting
 - Level 2.4 Dodging
 - Level 1.0 Stealth
 * Level 7.2 Unarmed Combat
 + Level 3.5 Invocations


You had 6 spell levels left.
You didn't know any spells.

Dungeon Overview and Level Annotations

Branches:
Dungeon (6/15)
 Temple: D:4-7

Altars:
Fedhas
Gozag
Hepliaklqana
Kikubaaqudgha
Makhleb
Uskayaw
Wu Jian
The Shining One


Innate Abilities, Weirdness & Mutations

You are too large for most types of armour.
You have claws for hands.
Your metabolism is lightning-fast.
You like to eat raw meat.
Your natural rate of healing is unusually fast.
You are covered in fur. (AC +1)
You have very tough skin. (AC +2)


Message History

You scratch the orc priest.
The orc priest is moderately wounded.
You mangle the orc warrior!!
The orc warrior is severely wounded.
You barely miss the orc warrior.
The orc warrior is severely wounded.
The orc warrior hits you with a war axe!
The orc priest calls upon Beogh to heal the orc warrior.
The orc warrior is healed somewhat.
You barely miss the orc warrior.
The orc warrior is heavily wounded.
The orc warrior hits you with a war axe!
* * * LOW HITPOINT WARNING * * *
You scratch the orc warrior.
The orc warrior is heavily wounded.
The orc priest mumbles some strange prayers to Beogh against you.
Beogh smites you!
* * * LOW HITPOINT WARNING * * *
The orc warrior hits you with a war axe!
You die...

.# ............##.#
#..# # .##
#########...#.## #..###
..## #########...##
#.....
#..###.##............##
#..##.
##........########...#
#..##. #..###.....
#...#######..##. ..####
### ###.#...>.........
.....# #.
#...####.#.#######
..##.#### #.. #@###
##.## .##..... #...##o#
#.# .##..### #...)oo#
#.# .....# #......# ...
##...##......._.... ..#
#...##.####.....###
#### #...##.####.....#
##...##...........
.....##.....####.#


You could see an orc warrior and 2 orc priests.

Vanquished Creatures
  Sigmund (D:4)
  A black bear (D:6)
  A bullfrog (D:6)
  A scorpion (D:6)
  A centaur zombie (D:5)
  2 crimson imps
  A hound (D:4)
  2 orc priests
  A bullfrog skeleton (D:2)
  An orc wizard (D:3)
  A hound skeleton (D:6)
  A hound zombie (D:5)
  3 gnolls (D:2)
  15 adders
  A shadow imp (D:5)
  4 worms
  3 dart slugs
  5 leopard geckos
  15 orcs
  3 ball pythons
  5 bats
  5 giant cockroaches
  5 goblins
  6 hobgoblins
  7 jackals
  5 quokkas
  2 frilled lizards (D:2)
  A goblin skeleton (D:5)
  2 goblin zombies (D:5)
  2 hobgoblin zombies (D:5)
  4 kobolds
  A kobold skeleton (D:5)
  2 kobold zombies (D:5)
  An orc skeleton (D:5)
  An orc zombie (D:5)
  22 rats
134 creatures vanquished.

Notes
Turn   | Place    | Note
-------+----------+-------------------------------------------
     0 | D:1      | Loge the Troll Monk began the quest for the Orb.
     0 | D:1      | Reached XP level 1. HP: 22/22 MP: 0/0
   308 | D:1      | Reached XP level 2. HP: 29/29 MP: 1/1
   992 | D:2      | Reached XP level 3. HP: 31/36 MP: 2/2
  1055 | D:2      | Reached skill level 4 in Unarmed Combat
  1097 | D:2      | Found a burning altar of Makhleb.
  1097 | D:2      | Found a hide-covered altar of Uskayaw.
  1101 | D:2      | Became a worshipper of Makhleb the Destroyer
  1101 | D:2      | Reached * piety under Makhleb
  1101 | D:2      | Reached ** piety under Makhleb
  1201 | D:2      | Reached XP level 4. HP: 42/45 MP: 3/3
  1230 | D:2      | Reached skill level 1 in Invocations
  1451 | D:2      | Found a hazy altar of Hepliaklqana.
  1596 | D:3      | Reached XP level 5. HP: 21/53 MP: 4/4
  1722 | D:3      | Found an opulent altar of Gozag.
  1740 | D:3      | Reached skill level 5 in Unarmed Combat
  1747 | D:3      | Reached *** piety under Makhleb
  1856 | D:3      | Found an ancient bone altar of Kikubaaqudgha.
  2194 | D:3      | Reached XP level 6. HP: 61/61 MP: 6/6
  2295 | D:4      | Found an ornate altar of the Wu Jian Council.
  2350 | D:4      | Noticed Sigmund
  2356 | D:4      | Killed Sigmund
  2356 | D:4      | Reached skill level 6 in Unarmed Combat
  2593 | D:4      | Reached XP level 7. HP: 61/70 MP: 7/7
  2689 | D:4      | Found a blossoming altar of Fedhas.
  3119 | D:5      | Entered Level 5 of the Dungeon
  3133 | D:5      | Found a glowing golden altar of the Shining One.
  3186 | D:5      | Reached **** piety under Makhleb
  3778 | D:6      | Found an opulent altar of Gozag.
  3839 | D:6      | Reached skill level 7 in Unarmed Combat
  4056 | D:6      | Mangled by an orc warrior

Skill      XL: |  1  2  3  4  5  6  7 |
---------------+----------------------+-----
Unarmed Combat | 4 5 6 7 |  7.2
Fighting       | 3 4 |  4.5
Invocations    | 1 2 3 |  3.5
Dodging        | |  2.4
Stealth        | |  1.0

Action                   |  1- 3 |  4- 6 |  7- 9 || total
-------------------------+-------+-------+-------++-------
Melee: Unarmed           |   115 |   155 |   107 ||   377
       Punch             |     3 |     2 |     4 ||     9
 Stab: Sleeping          |     3 |     3 |     2 ||     8
       Distracted        |       |     1 |       ||     1
  Eat: Chunk             |    15 |    14 |    14 ||    43
Armor: Robe              |    42 |    62 |    22 ||   126
Dodge: Dodged            |    61 |    89 |    51 ||   201
